 Dungeon Crawl Stone Soup version 0.25-a0-87-ga3d287bc14 (webtiles) character file.

Game seed: 5952151358967107866, levelgen mode: deterministic

714 WoodenRat the Grave Robber (level 7, -3/56 HPs)
             Began as a Mummy Necromancer on Nov 10, 2019.
             Was a Plaything of Xom.
             Slain by a naga (10 damage)
             ... led by Pikel
             ... in the Ecumenical Temple.
             The game lasted 00:15:02 (4055 turns).

WoodenRat the Grave Robber (Mummy Necromancer)      Turns: 4055, Time: 00:15:02

Health: -3/56      AC:  3    Str: 11    XL:     7   Next: 41%
Magic:  1/11       EV: 10    Int: 16    God:    Xom [..*...]
Gold:   270        SH:  0    Dex: 13    Spells: 6/11 levels left

rFire    x . .     SeeInvis .   i - +0 spear
rCold    + . .     Gourm    .   (no shield)
rNeg     + + +     Faith    .   a - +0 robe
rPois    ∞         Spirit   .   (no helmet)
rElec    .         Reflect  .   f - +0 cloak
rCorr    .         Harm     .   (no gloves)
MR       .....                  (no boots)
Stlth    ++........             (no amulet)
HPRegen  0.18/turn              (no ring)
MPRegen  0.12/turn              (no ring)

@: very slightly contaminated, constricted
A: no food or potions, fire vulnerability, cold resistance 1, negative energy
resistance 3, torment resistance, unbreathing
a: Renounce Religion


You were in the Ecumenical Temple.
You worshipped Xom.
You were a toy of Xom.
You were not hungry.

You visited 2 branches of the dungeon, and saw 6 of its levels.

You collected 270 gold pieces.

Inventory:

Hand Weapons
 b - a -3 hunting sling
 i - a +0 spear (weapon)
Missiles
 d - 108 stones
 k - 8 javelins
 o - 5 boomerangs (quivered)
Armour
 a - a +0 robe (worn)
 f - a +0 cloak (worn)
 j - a +0 buckler
Jewellery
 g - an uncursed amulet of guardian spirit
Wands
 c - a wand of paralysis (1)
Scrolls
 e - 2 scrolls of teleportation
 h - 2 scrolls of identify
 m - 2 scrolls of amnesia {unknown}
 n - a scroll of immolation {unknown}
 p - a scroll of enchant armour {unknown}


   Skills:
 + Level 5.1 Fighting
 - Level 3.4 Dodging
 - Level 1.5 Stealth
 - Level 2.6 Spellcasting
 - Level 6.4 Necromancy


You had 6 spell levels left.
You knew the following spells:

 Your Spells              Type           Power        Failure   Level  Hunger
a - Pain                  Necr           ###.         1%          1    N/A
b - Animate Skeleton      Necr           N/A          1%          1    N/A
c - Vampiric Draining     Necr           ###.......   4%          3    N/A

Your spell library contained the following spells:

 Spells                   Type           Power        Failure   Level  Hunger
 Animate Dead             Necr           N/A          14%         4    N/A
 Regeneration             Chrm/Necr      Unusable     N/A         3    N/A

Dungeon Overview and Level Annotations

Branches:
Dungeon (5/15)             Temple (1/1) D:5

Altars:
Ashenzari
Cheibriados
Dithmenos
Elyvilon
Fedhas
Gozag
Hepliaklqana
Kikubaaqudgha
Makhleb
Nemelex Xobeh
Okawaru
Qazlal
Ru
Trog
Uskayaw
Vehumet
Wu Jian
Xom
Zin
The Shining One

Annotations:
D:4 exclusion: ogre


Innate Abilities, Weirdness & Mutations

You do not eat or drink.
Your flesh is vulnerable to fire.
You are immune to poison.
Your flesh is cold resistant. (rC+)
You are immune to negative energy. (rN+++)
You are immune to unholy pain and torment.
You can survive without breathing.


Message History

Evoke which item? (* to show all) (? for menu, Esc to quit)
Aiming: Paralyse
Press: ? - help, Shift-Dir - straight line, f - worker ant, p - naga
Aim: a worker ant (severely wounded, chance to defeat MR: 54%)
The worker ant suddenly stops moving!
The naga hits you. The naga constricts you.
You barely miss the naga.
The naga is almost dead.
The naga hits you!
* * * LOW HITPOINT WARNING * * *
x2 The naga constricts you.
You hit the naga but do no damage.
The naga is almost dead.
The naga spits poison at you.
The splash of poison hits you but does no damage.
You resist.
* * * LOW HITPOINT WARNING * * *
You emit a cloud of colourful smoke!
The naga constricts you. The naga hits you!
You die...

##...##....#'...+#....##...##
#######....#####....#######
#.....###.....#
#####...........#####
##...'#.........#'...##
#.....###.....###.....#
#.._..# ###'### #.._..#
#.....# ##§..## #.....#
##...## #.§@§.# ##...## #####
#.a§N.# ##### #...!.# ##...##
#####


You could see a naga and a worker ant (paralysed).

Vanquished Creatures
  Pikel (Temple)
  A porcupine (D:5)
  An ogre (D:4)
  A hound (D:5)
  An iguana (D:4)
  An orc priest (D:3)
  An orc wizard (D:3)
  A worker ant (D:4)
  2 adders
  A shadow imp (D:5)
  An adder skeleton (D:5)
  An adder zombie (D:5)
  6 orcs (D:3)
  5 giant cockroaches
  4 goblins
  4 hobgoblins
  2 jackals (D:2)
  3 quokkas
  4 bats
  A frilled lizard (D:4)
  2 kobolds (D:3)
  6 rats
50 creatures vanquished.

Vanquished Creatures (collateral kills)
  A worm (D:3)
  2 orcs (D:3)
  A giant cockroach (D:1)
  3 goblins
  A kobold (D:3)
  A rat (D:1)
9 creatures vanquished.

Vanquished Creatures (others)
  A slave (D:5)
1 creature vanquished.

Grand Total: 60 creatures vanquished

Notes
Turn   | Place    | Note
-------+----------+-------------------------------------------
     0 | D:1      | WoodenRat the Mummy Necromancer began the quest for the
                  | Orb.
     0 | D:1      | Reached XP level 1. HP: 13/13 MP: 4/4
     2 | D:1      | Learned a level 1 spell: Animate Skeleton
   313 | D:1      | Reached skill level 1 in Fighting
   835 | D:2      | Found a shimmering altar of Xom.
   886 | D:2      | Became a worshipper of Xom of Chaos
   912 | D:2      | Reached XP level 2. HP: 22/22 MP: 3/5
  1061 | D:2      | XOM: harmless Necr miscast
  1205 | D:2      | Reached XP level 3. HP: 28/28 MP: 1/7
  1853 | D:2      | Learned a level 3 spell: Vampiric Draining
  1943 | D:2      | XOM: divination: magic mapping
  1954 | D:3      | Reached XP level 4. HP: 19/37 MP: 0/8
  2489 | D:3      | XOM: cast spell 'Call Canine Familiar'
  2624 | D:3      | XOM: divination: detect items
  2640 | D:3      | XOM is BORED!
  2640 | D:3      | XOM: mild Tloc miscast
  2834 | D:4      | Reached XP level 5. HP: 42/42 MP: 3/9
  2891 | D:4      | XOM: butterfly on damage
  2972 | D:4      | Noticed an ogre
  3042 | D:4      | Noticed an ogre
  3052 | D:4      | Killed an ogre
  3052 | D:4      | Reached skill level 5 in Necromancy
  3066 | D:4      | Found a bloodstained altar of Trog.
  3066 | D:4      | Found an ornate altar of the Wu Jian Council.
  3068 | D:4      | Found an opulent altar of Gozag.
  3068 | D:4      | Found a radiant altar of Vehumet.
  3078 | D:4      | Found a stormy altar of Qazlal.
  3299 | D:5      | Entered Level 5 of the Dungeon
  3299 | D:5      | Found a white marble altar of Elyvilon.
  3449 | D:5      | Reached XP level 6. HP: 25/48 MP: 10/10
  3486 | D:5      | XOM: god gift: 7 javelins
  3597 | D:5      | XOM: snakes to sticks
  3610 | D:5      | Noticed a slave
  3618 | D:5      | Noticed a slave
  3619 | D:5      | Noticed a slave
  3623 | D:5      | Noticed a slave
  3629 | D:5      | XOM: cleaving
  3630 | D:5      | XOM: confusion
  3632 | D:5      | Noticed a naga
  3632 | D:5      | a slave changed into a naga
  3632 | D:5      | XOM: polymorph slave -> naga
  3638 | D:5      | Noticed a porcupine
  3638 | D:5      | a slave changed into a porcupine
  3638 | D:5      | XOM: polymorph slave -> porcupine
  3642 | D:5      | XOM: confusion (+ monsters)
  3642 | D:5      | XOM: butterfly on damage
  3645 | D:5      | XOM: cast spell 'Alistair's Intoxication'
  3648 | D:5      | Killed a porcupine
  3653 | D:5      | Found a staircase to the Ecumenical Temple.
  3656 | D:5      | Noticed Pikel
  3662 | D:5      | XOM: noise
  3663 | D:5      | XOM: noise
  3664 | Temple   | Entered the Ecumenical Temple
  3889 | Temple   | Killed Pikel
  3889 | Temple   | Reached skill level 6 in Necromancy
  3889 | Temple   | Reached XP level 7. HP: 30/55 MP: 3/11
  4036 | D:5      | XOM: summons friendly ufetubus
  4040 | D:5      | Reached skill level 5 in Fighting
  4055 | Temple   | XOM: smoke on damage
  4055 | Temple   | Slain by a naga

Levels and vault maps discovered:
D:1:      dpeg_arrival_arbitrary_a, layout_basic
D:2:      layout_basic, marbit_many_paths
D:3:      layout_basic
D:4:      layout_basic, grunt_temple_overflow_open
D:5:      layout_cave_pools, overflow_temple_1_default, temple_statues,
          first_ration, st_stairs_7, uniq_menkaure, uniq_pikel
Temple:   nicolae_temple_figure_eight

Skill      XL: |  1  2  3  4  5  6  7 |
---------------+----------------------+-----
Fighting       | 1 2 4 5 |  5.1
Necromancy     | 5 6 |  6.4
Dodging        | 3 |  3.4
Stealth        | |  1.5
Spellcasting   | |  2.6

Action                   |  1- 3 |  4- 6 |  7- 9 || total
-------------------------+-------+-------+-------++-------
Melee: Unarmed           |    25 |       |       ||    25
       Spear             |       |    18 |     4 ||    22
       Hunting sling     |       |     1 |       ||     1
 Fire: Hunting sling     |    75 |    77 |       ||   152
Throw: Boomerang         |       |    36 |       ||    36
 Cast: Pain              |    17 |    23 |     1 ||    41
       Animate Skeleton  |    10 |     7 |       ||    17
       Vampiric Draining |     2 |    12 |     3 ||    17
Evoke: Wand              |       |     3 |     3 ||     6
  Use: Scroll            |     2 |     2 |       ||     4
 Stab: Paralysed         |       |    15 |       ||    15
Armor: Robe              |    19 |    13 |     5 ||    37
Dodge: Dodged            |    37 |    67 |    22 ||   126

Table legend:
 A = Non-vault XP
 B = Vault XP
 C = Vault XP percentage of total XP
 D = Non-vault monster count
 E = Vault monster count
 F = Vault count percentage of total count
                 A         B        C        D         E       F
            +---------+---------+-------+---------+---------+-------
      Total |     421 |     600 |  58.8 |      55 |       3 |   5.2
            +---------+---------+-------+---------+---------+-------
        D:1 |       9 |       0 |   0.0 |       6 |       0 |   0.0
        D:2 |      34 |       2 |   5.6 |      13 |       1 |   7.1
        D:3 |     123 |       0 |   0.0 |      25 |       0 |   0.0
        D:4 |     190 |       0 |   0.0 |       6 |       0 |   0.0
        D:5 |      65 |      12 |  15.6 |       5 |       1 |  16.7
     Temple |       0 |     586 | 100.0 |       0 |       1 | 100.0
            +---------+---------+-------+---------+---------+-------
